 Dungeon Crawl Stone Soup version 0.21-a0-396-ga924934 (webtiles) character file.

101 AverageBear the Cutter (level 4, -1/27 HPs)
             Began as a Deep Elf Fighter on Oct 20, 2017.
             Slain by a gnoll (4 damage)
             ... on level 2 of the Dungeon.
             The game lasted 00:01:45 (1600 turns).

AverageBear the Cutter (Deep Elf Fighter)           Turns: 1600, Time: 00:01:45

Health: -1/27      AC:  6    Str: 14    XL:     4   Next: 48%
Magic:  6/6        EV:  7    Int: 13    God:
Gold:   176        SH:  8    Dex: 14    Spells: 3/3 levels left

rFire    . . .     SeeInvis .   m - +2 short sword (holy)
rCold    . . .     Gourm    .   c - +0 shield
rNeg     . . .     Faith    .   b - +0 scale mail
rPois    .         Spirit   .   (no helmet)
rElec    .         Reflect  .   (no cloak)
rCorr    .         Harm     .   (no gloves)
MR       .....                  (no boots)
Stlth    ..........             (no amulet)
HPRegen  0.09/turn              (no ring)
MPRegen  0.10/turn              (no ring)

@: no status effects
A: no striking features
a: no special abilities


You were on level 2 of the Dungeon.
You were not hungry.

You visited 1 branch of the dungeon, and saw 2 of its levels.

You collected 176 gold pieces.

Inventory:

Hand Weapons
 a - a +0 rapier
 m - a +2 short sword of holy wrath (weapon)
Armour
 b - a +0 scale mail (worn)
 c - a +0 shield (worn)
Jewellery
 j - a cursed ring of teleportation {unknown}
 l - an uncursed ring of stealth {unknown}
Scrolls
 e - 2 scrolls of magic mapping {unknown}
 g - a scroll of amnesia {unknown}
 h - a scroll of teleportation {unknown}
 i - 2 scrolls of random uselessness {unknown}
 k - a scroll of immolation {unknown}
 o - a scroll of enchant weapon {unknown}
 p - a scroll of remove curse {unknown}
 r - 4 scrolls of identify {unknown}
Potions
 d - a potion of might
Comestibles
 f - a bread ration
 n - a fruit


   Skills:
 - Level 2.4 Fighting
 - Level 4.1 Short Blades
 - Level 2.4 Armour
 + Level 2.5 Dodging
 - Level 2.4 Shields


You had 3 spell levels left.
You didn't know any spells.

Dungeon Overview and Level Annotations

Branches:
Dungeon (2/15)

Altars:
Hepliaklqana


Message History

The dart slug bites you but does no damage.
You hit the gnoll.
The gnoll is lightly wounded.
You block the gnoll's attack.
You hit the gnoll.
The gnoll is heavily wounded.
You block the gnoll's attack.
The dart slug bites you but does no damage.
The gnoll hits you.
You hit the gnoll.
The gnoll is heavily wounded.
The gnoll hits you with a whip of pain. The dart slug launches a dart at you.
You block the slug dart.
You hit the gnoll but do no damage.
The gnoll is heavily wounded.
The gnoll hits you! The gnoll hits you with a whip of pain!
* * * LOW HITPOINT WARNING * * *
The gnoll hits you.
You die...

## .# .# .# .### ...###
#####
.....############g...###
................@gw.>...
..(##.#####....##w##..##
##....## #....# S#
#.....# ##'### .#
#...#.#####.# .#
#...#.#.....####.#
#...#..........#.#
#..............#.#
###............#.#


You could see a worm, 2 gnolls, an adder and a dart slug.

Vanquished Creatures
  A centaur skeleton (D:2)
  An adder (D:2)
  An ooze (D:2)
  2 worms (D:2)
  2 dart slugs
  3 leopard geckos
  A ball python (D:1)
  10 bats
  A giant cockroach (D:2)
  3 goblins (D:1)
  5 hobgoblins
  2 jackals (D:2)
  6 kobolds
  3 quokkas (D:2)
  4 frilled lizards
  4 rats
49 creatures vanquished.

Notes
Turn   | Place    | Note
-------+----------+-------------------------------------------
     0 | D:1      | AverageBear the Deep Elf Fighter began the quest for the Orb.
     0 | D:1      | Reached XP level 1. HP: 13/13 MP: 3/3
   298 | D:1      | Reached XP level 2. HP: 16/18 MP: 4/4
   332 | D:1      | Reached skill level 3 in Short Blades
   915 | D:2      | Reached XP level 3. HP: 20/22 MP: 5/5
   940 | D:2      | Reached skill level 4 in Short Blades
  1048 | D:2      | Reached skill level 1 in Dodging
  1241 | D:2      | Reached XP level 4. HP: 20/27 MP: 6/6
  1327 | D:2      | Found a hazy altar of Hepliaklqana.
  1600 | D:2      | Slain by a gnoll

Vault maps used:
D:1:      minmay_arrival_loop
D:2:      marbit_many_paths, kennysheep_crisscross

Skill      XL: |  1  2  3  4 |
---------------+-------------+-----
Short Blades   | 3 4 |  4.1
Dodging        | 1 2 |  2.5
Fighting       | |  2.4
Armour         | |  2.4
Shields        | |  2.4

Action                   |  1- 3 |  4- 6 || total
-------------------------+-------+-------++-------
Melee: Rapier            |    48 |       ||    48
       Short sword       |    76 |    49 ||   125
  Eat: Chunk             |     1 |     1 ||     2
Armor: Scale mail        |    69 |    22 ||    91
Dodge: Dodged            |    38 |     7 ||    45
Block: Shield            |    55 |    17 ||    72

Table legend:
 A = Spawn XP
 B = Non-spawn XP
 C = Spawn XP percentage of total XP
 D = Spawn monster count
 E = Non-spawn monster count
 F = Spawn count percentage of total count
 G = Total turns spent on level
                    A         B        C        D         E        F      G
               +---------+---------+-------+---------+---------+-------+---------
         Total |       0 |     145 |   0.0 |       0 |      49 |   0.0 |  1600
               +---------+---------+-------+---------+---------+-------+---------
           D:1 |       0 |      37 |   0.0 |       0 |      20 |   0.0 |   894
           D:2 |       0 |     108 |   0.0 |       0 |      29 |   0.0 |   706
               +---------+---------+-------+---------+---------+-------+---------
